 Dungeon Crawl Stone Soup version 0.18.1-50-g88ac8fd (webtiles) character file.

137 lorenzova the Conjurer (level 5, -4/28 HPs)
             Began as a Deep Elf Conjurer on Oct 25, 2016.
             Killed from afar by Galewind's ghost (6 damage)
             ... with a magic dart
             ... on level 3 of the Dungeon.
             The game lasted 00:08:03 (2854 turns).

lorenzova the Conjurer (Deep Elf Conjurer)          Turns: 2854, Time: 00:08:04

Health: -4/28      AC:  2    Str:  5    XL:     5   Next: 0%
Magic:  0/14       EV: 13    Int: 21    God:
Gold:   100        SH:  0    Dex: 15    Spells: 2 memorised, 9 levels left

rFire  . . .     SeeInvis .     m - +0 short sword
rCold  . . .     Gourm    .     a - +0 robe
rNeg   . . .     Faith    .     (no shield)
rPois  .         Spirit   .     (no helmet)
rElec  .         Dismiss  .     (no cloak)
rCorr  .         Reflect  .     (no gloves)
SustAt .         Harm     .     (no boots)
MR     .....                    (no amulet)
Stlth  ++........               (no ring)
                                (no ring)

@: very slightly contaminated, not resistant to hostile enchantments, unstealthy
A: no striking features
a: no special abilities


You were on level 3 of the Dungeon.
You were very hungry.

You visited 1 branch of the dungeon, and saw 3 of its levels.

You collected 100 gold pieces.

Inventory:

Hand Weapons
 m - a +0 short sword (weapon)
Armour
 a - a +0 robe (worn)
Scrolls
 f - 2 scrolls of remove curse {unknown}
 h - a scroll of immolation {unknown}
 i - a scroll of fear {unknown}
 k - 6 scrolls of identify {unknown}
 o - a scroll of enchant weapon {unknown}
 p - a scroll of teleportation {unknown}
 q - a scroll of recharging {unknown}
Potions
 e - 2 potions of heal wounds {unknown}
 j - a potion of brilliance {unknown}
 l - a potion of ambrosia {unknown}
 n - a potion of resistance {unknown}
Books
 b - a book of Conjurations

   Spells                             Type                      Level
   a - Magic Dart                     Conjuration                  1
   b - Searing Ray                    Conjuration                  2
   c - Dazzling Spray                 Conjuration/Hexes            3
   d - Fulminant Prism                Conjuration/Hexes            4
   e - Iskenderun's Mystic Blast      Conjuration                  4
   f - Iskenderun's Battlesphere      Conjuration/Charms           5
Comestibles
 c - 4 bread rations
 d - a beef jerky
 g - a meat ration


   Skills:
 - Level 2.4 Dodging
 - Level 2.4 Stealth
 + Level 5.4 Spellcasting
 + Level 5.7 Conjurations


You had 9 spell levels left.
You knew the following spells:

 Your Spells              Type           Power        Failure   Level  Hunger
a - Magic Dart            Conj           ####         1%          1    None
b - Iskenderun's Mystic   Conj           ####....     12%         4    ####...


Dungeon Overview and Level Annotations

Branches:
Dungeon (3/15)

Altars:
Yredelemnul

Annotations:
D:3 Galewind's ghost, amateur DECj


Message History

Ouch! That really hurt!
You closely miss Galewind's ghost.
Galewind's ghost is severely damaged.
Galewind's ghost points at you and mumbles some strange words.
The magic dart hits you!
* * * LOW HITPOINT WARNING * * *
You hit Galewind's ghost.
Galewind's ghost is severely damaged.
Galewind's ghost barely misses you.
Casting: Magic Dart
Confirm with . or Enter, or press ? or * to list all spells.
Aiming: Magic Dart
Press: ? - help, Shift-Dir - straight line, f/p - Galewind's ghost
Aim: Galewind's ghost, wielding a weapon of electrocution (severely damaged)
The magic dart hits Galewind's ghost.
Galewind's ghost is severely damaged.
Galewind's ghost hits you but does no damage.
Galewind's ghost casts a spell at you. The magic dart hits you!
You die...

#.......#####......#.
###...>...# #......##
..........## #......#
.###........###########
......#..##........#
###....###.#####. ##
###..###..#### ..
#..<.......#######
##@#...#..#(......#
#####W.###.....######..
#.....## ####..########
....##### ##.....# #.
## ##.##.###. #.##..##.
#.###.... #.# ###.. #..
###


You could see Galewind's ghost.

Vanquished Creatures
  Robin (D:2)
  3 adders (D:2)
  An ooze (D:2)
  2 worms (D:2)
  A dart slug (D:2)
  3 giant geckos
  A ball python (D:3)
  6 giant cockroaches
  2 gnoll zombies (D:2)
  17 goblins
  10 hobgoblins
  6 jackals
  8 bats
  2 giant newts (D:2)
  7 kobolds
  6 rats
76 creatures vanquished.

Notes
Turn   | Place    | Note
--------------------------------------------------------------
     0 | D:1      | lorenzova the Deep Elf Conjurer began the quest for the Orb.
     0 | D:1      | Reached XP level 1. HP: 10/10 MP: 6/6
   229 | D:1      | Reached XP level 2. HP: 15/15 MP: 4/8
   632 | D:1      | Reached XP level 3. HP: 18/19 MP: 5/10
   876 | D:2      | Reached skill level 5 in Conjurations
  1445 | D:2      | Reached XP level 4. HP: 24/24 MP: 9/12
  1451 | D:2      | Learned a level 4 spell: Iskenderun's Mystic Blast
  1882 | D:2      | Reached skill level 5 in Spellcasting
  1886 | D:2      | Noticed Robin
  1974 | D:2      | Killed Robin
  2241 | D:2      | Found a basalt altar of Yredelemnul.
  2503 | D:3      | Noticed Galewind's ghost (amateur DECj)
  2810 | D:3      | Reached XP level 5. HP: 28/28 MP: 11/14
  2850 | D:3      | HP: 1/28 [Galewind's ghost/magic dart (8)]
  2854 | D:3      | Killed from afar by Galewind's ghost

Skill      XL: |  1  2  3  4 |
---------------+-------------+-----
Spellcasting   | 4 5 |  5.4
Conjurations   | 5 |  5.7
Dodging        | |  2.4
Stealth        | |  2.4

Action                   |  1- 3 |  4- 6 || total
-------------------------+-------+-------++-------
Melee: Unarmed           |     4 |       ||     4
       Short sword       |       |     3 ||     3
 Cast: Magic Dart        |    88 |    79 ||   167
       Iskenderun's Myst |       |     2 ||     2
  Eat: Chunk             |     1 |     4 ||     5
Armor: Robe              |     2 |     2 ||     4
Dodge: Dodged            |     8 |    12 ||    20
